 Dungeon Crawl Stone Soup version 0.29.0-4-gdea44cf6ec (webtiles) character file.

Game seed: 9647366837666987909

77 Plasmagod the Chopper (level 4, -5/35 HPs)
             Began as a Formicid Fighter on Aug 27, 2022.
             Killed by nerve-wracking pain
             ... invoked by Jessica
              (11 damage)
             ... on level 2 of the Dungeon.
             The game lasted 00:02:06 (1403 turns).

Plasmagod the Chopper (Formicid Fighter)            Turns: 1403, Time: 00:02:07

Health: -5/35      AC:  6    Str: 22    XL:     4   Next: 60%
Magic:  4/4        EV:  9    Int:  8    God:
Gold:   103        SH:  5    Dex: 13    Spells: 3/3 levels left

rFire   . . .      SeeInvis +   a - +0 war axe
rCold   . . .      Faith    .   c - +0 buckler
rNeg    . . .      Spirit   .   b - +0 scale mail
rPois   .          Reflect  .   (helmet unavailable)
rElec   .          Harm     .   (no cloak)
rCorr   .          Rampage  .   (no gloves)
Will    .....                   (no boots)
Stlth   ..........              (no amulet)
HPRegen 0.11/turn               (no ring)
MPRegen 0.09/turn               (no ring)

@: no status effects
A: permanent stasis, dig shafts and tunnels, antennae 3, four strong arms
a: Dig, Shaft Self


You were on level 2 of the Dungeon.
You visited 1 branch of the dungeon, and saw 2 of its levels.

You collected 103 gold pieces.

Inventory:

Hand Weapons
 a - a +0 war axe (weapon)
Armour
 b - a +0 scale mail (worn)
 c - a +0 buckler (worn)
Scrolls
 f - 2 scrolls of noise {unknown}
 g - a scroll of blinking {unknown}
 h - a scroll of poison {unknown}
 k - a scroll of identify {unknown}
Potions
 d - 2 potions of might
 e - a potion of magic {unknown}
 i - a potion of cancellation {unknown}
 j - a potion of curing {unknown}


   Skills:
 - Level 3.2 Fighting
 + Level 4.4 Axes
 - Level 3.2 Armour
 - Level 4.0 Shields


You had 3 spell levels left.
You didn't know any spells.
Your spell library was empty.

Dungeon Overview and Level Annotations

Branches:
Dungeon (2/15)

Altars:

Annotations:
D:2 Jessica


Innate Abilities, Weirdness & Mutations

You cannot be hasted, slowed, berserked, paralysed or teleported.
You can dig through walls and to a lower floor.
You have a pair of large antennae on your head. (SInv)
Your four strong arms can wield two-handed weapons with a shield.


Message History

Pain shoots through your body!
You closely miss Jessica.
Jessica is lightly wounded.
You block Jessica's attack. Jessica casts a spell at you.
Pain shoots through your body!
You closely miss Jessica.
Jessica is lightly wounded.
You block Jessica's attack.
You closely miss Jessica.
Jessica is lightly wounded.
Jessica hits you with a +0 club.
* * * LOW HITPOINT WARNING * * *
You closely miss Jessica.
Jessica is lightly wounded.
Jessica grins evilly.
You block Jessica's attack.
You hit Jessica.
Jessica is moderately wounded.
Jessica barely misses you.
Jessica looks very angry.
Jessica completely misses you.
You barely miss Jessica.
Jessica is moderately wounded.
Jessica hits you but does no damage.
You closely miss Jessica.
Jessica is moderately wounded.
You block Jessica's attack.
You hit Jessica but do no damage.
Jessica is moderately wounded.
Jessica closely misses you. You block Jessica's attack.
You hit Jessica.
Jessica is heavily wounded.
Jessica hits you with a +0 club.
* * * LOW HITPOINT WARNING * * *
You hit Jessica but do no damage.
Jessica is heavily wounded.
Jessica casts a spell at you. Pain shoots through your body!
You die...

####.#..#.#...####.# #.# #...#.
..............# #.# #.#####.....
.....##...#...# #.# #........##.
.....##...#..## #.# #^.......##.
.....#.......#####.#########.....
####.#........................†..
..†.......##.#......#############
###..#..####.#......# #.# #....
......<.# #....@...# #.# #....
###..##.# #<...@...# #.# #_...
#..# .# #........# #.# #...#
###..# # #........# #.# #....
.....# #....##### #.# #...#
)....# #.... #.#####...# ....)#
##### #.......... .....#
#.######### .....# #.........#


You could see Jessica.

Vanquished Creatures
  An adder (D:2)
  2 worms (D:2)
  2 dart slugs (D:1)
  5 bats
  8 endoplasms
  A giant cockroach (D:1)
  7 goblins
  5 hobgoblins
  4 jackals (D:2)
  3 kobolds
  2 quokkas (D:1)
  5 ball pythons
  2 frilled lizards (D:1)
  3 rats
50 creatures vanquished.

Notes
Turn   | Place    | Note
-------+----------+-------------------------------------------
     0 | D:1      | Plasmagod the Formicid Fighter began the quest for the Orb.
     0 | D:1      | Reached XP level 1. HP: 18/18 MP: 1/1
    43 | D:1      | Reached XP level 2. HP: 24/24 MP: 2/2
   350 | D:1      | Reached XP level 3. HP: 29/29 MP: 3/3
   929 | D:2      | Reached XP level 4. HP: 31/35 MP: 4/4
  1248 | D:2      | Found a faded altar of an unknown god.
  1384 | D:2      | Noticed Jessica
  1403 | D:2      | Killed from afar by Jessica

Illustrated notes

Levels and vault maps discovered:
D:1:      mushboom_english_gardens, layout_basic
D:2:      layout_basic, basic_ecumenical_altar, uniq_crazy_yiuf_cottage,
          uniq_jessica

Skill      XL: |  1  2  3 |
---------------+----------+-----
Axes           | 3 4 |  4.4
Fighting       | |  3.2
Armour         | |  3.2
Shields        | |  4.0

Action                   |  1- 3 |  4- 6 || total
-------------------------+-------+-------++-------
Melee: War axe           |    77 |    51 ||   128
Armor: Scale mail        |    34 |    15 ||    49
Dodge: Dodged            |    29 |    29 ||    58
Block: Buckler           |    15 |     9 ||    24
